 Dungeon Crawl Stone Soup version 0.30-a0-1018-g25214051b3 (webtiles) character file.

Game seed: 570646163978098240

86 promet the Magician (level 4, -8/22 HPs)
             Began as a Vine Stalker Hedge Wizard on Apr 7, 2023.
             Killed from afar by Natasha (14 damage)
             ... with a bolt of light
             ... on level 2 of the Dungeon.
             The game lasted 00:11:45 (2859 turns).

promet the Magician (Vine Stalker Hedge Wizard)     Turns: 2859, Time: 00:11:49

Health: -8/22      AC:  5    Str: 15    XL:     4   Next: 49%
Magic:  0/11       EV: 12    Int: 14    God:
Gold:   140        SH:  0    Dex: 13    Spells: 5/11 levels left

rFire   . . .      SeeInvis .    a - +1 dagger
rCold   . . .      Faith    .    (no shield)
rNeg    . . .      Spirit   +    b - +0 robe
rPois   .          Reflect  .    f - +2 helmet
rElec   .          Rampage  .    (no cloak)
rCorr   .                        (no gloves)
Will    .....                    (no boots)
Stlth   ++                       (no amulet)
HPRegen 1.03/turn                (no ring)
MPRegen 0.12/turn                (no ring)

@: slowed, very slow
A: fangs 2, regeneration 1, magic shield, antimagic bite, no potion heal 2
a: no special abilities


You were on level 2 of the Dungeon.
You visited 1 branch of the dungeon, and saw 2 of its levels.

You collected 140 gold pieces.

Inventory:

Hand Weapons
 a - a +1 dagger (weapon)
Missiles
 i - 3 boomerangs
 j - 10 stones
Armour
 b - a +0 robe (worn)
 c - a +0 hat
 f - a +2 helmet (worn)
Jewellery
 h - a ring of magical power
Scrolls
 g - 2 scrolls of poison {unknown}
 l - a scroll of vulnerability {unknown}
 m - 2 scrolls of identify {unknown}
 n - 3 scrolls of teleportation
Potions
 d - a potion of magic
 e - a potion of might
 k - a potion of curing {unknown}


   Skills:
 * Level 1.1 Fighting
 + Level 0.9 Short Blades
 + Level 1.9 Dodging
 + Level 3.1 Stealth
 + Level 4.1 Spellcasting
 + Level 1.3 Conjurations
 + Level 1.4 Summonings
 + Level 1.0 Translocations


You had 5 spell levels left.
You knew the following spells:

 Your Spells              Type           Power      Damage    Failure   Level
a - Magic Dart            Conj           24%        1d4       11%         1
b - Slow                  Hex            8%         N/A       19%         1
c - Blink                 Tloc           10%        N/A       19%         2
d - Call Imp              Summ           12%        N/A       16%         2

Your spell library contained the following spells:

 Spells                   Type           Power      Damage    Failure   Level
 Cigotuvi's Dreadful Rot  Necr/Pois/Air  4%         N/A       28%         2
 Ensorcelled Hibernation  Hex/Ice        4%         N/A       28%         2
 Passwall                 Tmut/Erth      1%         N/A       28%         2
 Mephitic Cloud           Conj/Pois/Air  4%         N/A       43%         3
 Swiftness                Air            2%         N/A       50%         3


Dungeon Overview and Level Annotations

Branches:
Dungeon (2/15)

Altars:

Shops:
D:1 =

Annotations:
D:2 Natasha


Innate Abilities, Weirdness & Mutations

You have extremely sharp teeth.
Your natural rate of healing is unusually fast.
When hurt, damage is shared between your health and your magic reserves.
Your bite disrupts and absorbs the magic of your enemies.
Potions cannot restore your health.


Message History

Attack!
Natasha howls an incantation.
You feel disoriented.
Your cerulean imp hits Natasha with a -4 spear.
Casting: Call Imp (safe; 16% risk of failure)
Confirm with . or Enter, or press ? or * to list all spells.
Aiming: Slow (safe; 19% risk of failure)
Press: ? - help, Shift-Dir - straight line, f/p - Natasha
Aim: Natasha, carrying a wand of light (4) (moderately wounded, ally target, chance to affect: 35%) Natasha easily resists.
Natasha barely misses you.
Your cerulean imp hits Natasha with a -4 spear.
Natasha claws you.
You closely miss Natasha. You bite Natasha.
Natasha's magic leaks into the air.
You drain her magic.
You feel invigorated.
Natasha is heavily wounded.
Your cerulean imp barely misses Natasha.
Natasha zaps a wand.
The bolt of light hits you!!
Ouch! That really hurt!
Your cerulean imp barely misses Natasha.
Sorry, you're not good enough to have a special ability.
Casting: Slow (safe; 19% risk of failure)
Confirm with . or Enter, or press ? or * to list all spells.
You don't know that spell.
Sorry, you're not good enough to have a special ability.
Unknown command.
Casting: Slow (safe; 19% risk of failure)
Confirm with . or Enter, or press ? or * to list all spells.
Aiming: Magic Dart (safe; 11% risk of failure)
Press: ? - help, Shift-Dir - straight line, f/p - Natasha
Aim: Natasha, carrying a wand of light (3) (heavily wounded, ally target, magic disrupted, 100% to hit)
The magic dart hits Natasha but does no damage.
Natasha is heavily wounded.
Natasha claws you.
* * * LOW HITPOINT WARNING * * *
Your cerulean imp barely misses Natasha.
Natasha wildly gestures.
Natasha's front paws start to glow.
Natasha zaps a wand.
The bolt of light hits you!
Ouch! That really hurt!
You die...

#. #. #.
#. #. #.
#h####
#5@..##
#.#....#
##.##..#
##
#..####
#..##..
#..##.#
####
#..##.#
#...
#..##.#
#.##
##..##.#
#.#


You could see Natasha (ally target, magic disrupted) and a friendly cerulean imp
(summoned).

Vanquished Creatures
  An adder (D:2)
  A gnoll (D:1)
  2 endoplasms
  A giant cockroach (D:1)
  3 goblins
  3 hobgoblins
  2 ball pythons
  4 bats
  A frilled lizard (D:1)
  2 kobolds
  4 rats
24 creatures vanquished.

Vanquished Creatures (collateral kills)
  3 adders (D:2)
  2 ball pythons (D:2)
  A giant cockroach (D:1)
  A goblin (D:1)
  4 hobgoblins
  A quokka (D:1)
  2 kobolds (D:1)
  2 rats
16 creatures vanquished.

Grand Total: 40 creatures vanquished

Notes
Turn   | Place    | Note
-------+----------+-------------------------------------------
     0 | D:1      | promet the Vine Stalker Hedge Wizard began the quest for
                  | the Orb.
     0 | D:1      | Reached XP level 1. HP: 9/9 MP: 5/5
   323 | D:1      | Reached XP level 2. HP: 13/13 MP: 3/7
   325 | D:1      | Learned a level 1 spell: Slow
   328 | D:1      | Learned a level 2 spell: Blink
   331 | D:1      | Learned a level 2 spell: Call Imp
   792 | D:1      | Reached XP level 3. HP: 17/17 MP: 5/9
  1927 | D:1      | Found Bealane's Jewellery Shoppe.
  2266 | D:2      | Reached skill level 4 in Spellcasting
  2267 | D:2      | Reached skill level 1 in Fighting
  2267 | D:2      | Gained mutation: Your natural rate of healing is unusually
                  | fast. [Vine Stalker growth]
  2267 | D:2      | Reached XP level 4. HP: 7/22 MP: 0/11
  2854 | D:2      | Noticed Natasha
  2859 | D:2      | Killed from afar by Natasha

Illustrated notes

Levels and vault maps discovered:
D:1:      tarquinn_simple_flora_water_d, layout_basic, serial_shops,
          shop_statue, st_stairs_2, minmay_misc_feat_nine_boxes
D:2:      layout_loops_ring, uniq_sigmund, uniq_natasha

Skill      XL: |  1  2  3 |
---------------+----------+-----
Stealth        | 3 |  3.1
Spellcasting   | 4 |  4.1
Fighting       | 1 |  1.1
Short Blades   | |  0.9
Dodging        | |  1.9
Conjurations   | |  1.3
Summonings     | |  1.4
Translocations | |  1.0

Action                     |  1- 3 |  4- 6 || total
---------------------------+-------+-------++-------
  Melee: Dagger            |    33 |    14 ||    47
         Bite              |     2 |     4 ||     6
   Cast: Magic Dart        |    27 |     9 ||    36
         Call Imp          |    11 |     5 ||    16
         Slow              |       |     1 ||     1
    Use: Scroll            |     2 |       ||     2
         Potion            |     2 |       ||     2
   Stab: Sleeping          |     2 |       ||     2
 Armour: Robe              |    17 |     2 ||    19
  Dodge: Dodged            |    39 |    16 ||    55

Table legend: (Time is in decaauts)
 A = Elapsed time spent in this place.
 B = Non-inter-level travel time spent in this place.
 C = Inter-level travel time spent in this place.
 D = Time resting spent in this place.
 E = Time spent auto-exploring this place.
 F = Levels seen in this place.
 G = Mean time per level.
                   A        B        C        D        E       F      G
               +--------+--------+--------+--------+--------+-----+--------+
         Total |   2859 |   2793 |     66 |   1135 |    781 |   2 | 1429.5 |
       Dungeon |   2859 |   2793 |     66 |   1135 |    781 |   2 | 1429.5 |
               +--------+--------+--------+--------+--------+-----+--------+

Top non-repeatable levels by time:
     D:1: 2107 daAuts
     D:2: 751 daAuts
